 Dungeon Crawl Stone Soup version 0.30-a0-341-g682706514a (webtiles) character file.

Game seed: 13907158843571060101

9748 lunkers the Transmogrifier (level 12, -6/81 HPs)
             Began as a Meteoran Earth Elementalist on Nov 1, 2022.
             Was an Initiate of Gozag.
             Mangled by a cane toad (13 damage)
             ... on level 1 of the Lair of Beasts.
             The game lasted 00:20:41 (4417 turns).

lunkers the Transmogrifier (MeEE)                   Turns: 4417, Time: 00:20:41

Health: -6/81      AC: 14    Str: 10    XL:     12   Next: 9%
Magic:  2/24       EV: 12    Int: 21    God:    Gozag
Gold:   1198       SH:  0    Dex: 16    Spells: 4/26 levels left

rFire   . . .      SeeInvis .    s - +5 quarterstaff (chaos)
rCold   . . .      Faith    .    (shield currently unavailable)
rNeg    . . .      Spirit   .    a - +0 robe
rPois   .          Reflect  .    (no helmet)
rElec   .          Harm     .    r - +1 cloak
rCorr   .          Rampage  .    v - +2 pair of gloves
Will    +....                    d - +2 pair of boots
Stlth   +.........               (no amulet)
HPRegen 0.33/turn                e - +4 ring of protection
MPRegen 0.19/turn                (no ring)

@: lethally poisoned (-6 -> -8), gold aura, glowing
A: sense surroundings 2, otherworldly, glowing, explore regen
a: Renounce Religion, Potion Petition, Call Merchant, Bribe Branch


You were on level 1 of the Lair of Beasts.
You worshipped Gozag.
Gozag was most pleased with you.
You visited 3 branches of the dungeon, and saw 13 of its levels.

You collected 1310 gold pieces.
You paid 112 gold pieces to Gozag.

Inventory:

Hand Weapons
 f - a +3 falchion
 j - a +0 vampiric dagger
 l - a +3 short sword of freezing
 s - a +5 quarterstaff of chaos (weapon)
 A - a +0 demon whip
Armour
 a - a +0 robe (worn)
 d - a +2 pair of boots (worn)
 g - a +0 leather armour of poison resistance
 r - a +1 cloak (worn)
 v - a +2 pair of gloves (worn)
Jewellery
 e - a +4 ring of protection (left hand)
Wands
 q - a wand of paralysis (5)
 w - a wand of roots (11)
 C - a wand of acid (5)
Scrolls
 h - 4 scrolls of amnesia
 k - 3 scrolls of enchant weapon
 m - a scroll of acquirement
 n - a scroll of teleportation
 y - 3 scrolls of fog
 z - 2 scrolls of summoning
 B - a scroll of magic mapping
Potions
 b - a potion of magic
 c - 4 potions of curing
 o - a potion of heal wounds
 p - 2 potions of mutation
 t - 2 potions of haste
 u - a potion of lignification
 D - a potion of flight


   Skills:
 - Level 2.4 Dodging
 - Level 1.4 Stealth
 - Level 7.5 Spellcasting
 - Level 6.6 Conjurations
 * Level 12.4 Transmutations
 * Level 11.2 Air Magic
 - Level 9.3 Earth Magic


You had 4 spell levels left.
You knew the following spells:

 Your Spells              Type           Power      Damage    Failure   Level
a - Sandblast             Erth           94%        2d19      1%          1
b - Passwall              Tmut/Erth      43%        N/A       1%          2
c - Stone Arrow           Conj/Erth      82%        3d12      1%          3
d - Petrify               Tmut/Erth      52%        N/A       1%          4
e - Storm Form            Tmut/Air       27%        N/A       47%         7
f - Iskenderun's Battles  Conj           36%        2d9       14%         5

Your spell library contained the following spells:

 Spells                   Type           Power      Damage    Failure   Level
 Swiftness                Air            53%        N/A       1%          3
 Ignite Poison            Fire/Tmut/Pois 25%        N/A       4%          3
 Hailstorm                Conj/Ice       22%        3d7       6%          3
 Summon Small Mammal      Summ           28%        N/A       9%          1
 Blink                    Tloc           14%        N/A       13%         2
 Ensorcelled Hibernation  Hex/Ice        14%        N/A       13%         2
 Call Canine Familiar     Summ           7%         N/A       26%         3
 Ozocubu's Armour         Ice            7%         N/A       26%         3
 Summon Guardian Golem    Hex/Summ       7%         N/A       26%         3
 Manifold Assault         Tloc           7%         N/A       63%         4
 Conjure Ball Lightning   Conj/Air       22%        3x3d7     32%         6
 Fireball                 Conj/Fire      11%        3d7       52%         5
 Metabolic Englaciation   Hex/Ice        3%         N/A       93%         5
 Orb of Destruction       Conj           18%        9d8       99%         7


Dungeon Overview and Level Annotations

Branches:
Dungeon (10/15) Zot: 1810  Temple (1/1) D:6 Zot: 365    Lair (2/5) D:10 Zot: 1002
  Swamp: Lair:2-3    Shoals: Lair:2-3     Snake: Lair:2-3    Spider: Lair:2-3
    Orc: D:9-12

Altars:
Ashenzari
Cheibriados
Elyvilon
Fedhas
Gozag
Hepliaklqana
Makhleb
Nemelex Xobeh
Okawaru
Qazlal
Sif Muna
Trog
Vehumet
Wu Jian
Yredelemnul
Zin
The Shining One

Shops:
D:7 **


Innate Abilities, Weirdness & Mutations

You passively map the area around you.
You are easily found by Zot.
You glow in the dark.
You regain HP and MP as you explore.


Message History

The cane toad stings you.
* * * LOW HITPOINT WARNING * * *
The cane toad stings you!
* * * LOW HITPOINT WARNING * * *
The yak misses you.
Blink to where?
Press: ? - help, Dir - move target, p - cane toad
As you read the scroll of blinking, it crumbles to dust.
You feel sick.
Casting: Sandblast (safe; 1% risk of failure)
Confirm with . or Enter, or press ? or * to list all spells.
You conjure a globe of magical energy.
* * * LOW MAGIC WARNING * * *
You feel sick.
Aiming: Sandblast (safe; 1% risk of failure)
Press: ? - help, Q - select action, (/) - cycle Shift-Dir - straight line, f - yak
Aim: a yak (91% to hit)
The blast of sand hits the yak!
The yak is moderately wounded.
* * * LOW MAGIC WARNING * * *
You feel very sick.
Unknown command.
Aiming: Sandblast (safe; 1% risk of failure)
Press: ? - help, Q - select action, (/) - cycle Shift-Dir - straight line, f/p - yak
Aim: a yak (moderately wounded, 91% to hit)
The blast of sand hits the yak!
The yak is severely wounded.
* * * LOW MAGIC WARNING * * *
You feel sick. The yak gores you!
* * * LOW HITPOINT WARNING * * *
Your magical contamination has completely faded away.
Aiming: Sandblast (safe; 1% risk of failure)
Press: ? - help, Q - select action, (/) - cycle Shift-Dir - straight line, f/p - yak
Aim: a yak (severely wounded, 91% to hit)
The blast of sand hits the yak!
You kill the yak!
* * * LOW MAGIC WARNING * * *
You feel sick. The cane toad stings you!
You die...
Your body crumbles into a pile of gold.

#.# ####.###, #.#
#......## ,, ,* ..*
#.>.....+ ,
#.....### , #.###.#
,, , , # #..###.###
.##
#.###.##.'#P#.....
,
#...F.............
,
#...@*............,
##.###.##.###.P###
# ###### ##


You could see a cane toad and a friendly battlesphere.

Vanquished Creatures
  A two-headed ogre (D:10)
  A boulder beetle (D:9)
  Sonja (Lair:2)
  Maurice (D:8)
  3 kobold demonologists (D:10)
  A komodo dragon (D:10)
  A troll (D:10)
  A slime creature (D:9)
  4 blink frogs
  A shadow (D:9)
  9 yaks
  A wraith (D:9)
  A water moccasin (D:8)
  2 ice beasts
  An orc warrior (D:10)
  2 black bears (D:6)
  An ogre (D:5)
  3 centaurs
  3 kobold brigands
  8 bullfrogs
  2 necrophages
  2 scorpions
  10 wights
  20 killer bees
  2 howler monkeys (D:10)
  4 hounds
  3 jellies
  An orc priest (D:9)
  Crazy Yiuf (D:4)
  4 iguanas
  7 orc wizards
  Natasha (thrice) (D:3)
  7 adders
  A shadow imp (D:6)
  A white imp (D:8)
  2 ufetubi
  3 worms
  13 orcs
  5 ball pythons
  8 endoplasms
  A goblin (D:1)
  6 hobgoblins
  4 kobolds
  3 quokkas
  2 bats
  3 rats (D:1)
164 creatures vanquished.

Vanquished Creatures (others)
  10 fungi (D:10)
  7 plants
17 creatures vanquished.

Grand Total: 181 creatures vanquished

Notes
Turn   | Place    | Note
-------+----------+-------------------------------------------
     0 | D:1      | lunkers the Meteoran Earth Elementalist began the quest for
                  | the Orb.
     0 | D:1      | Reached XP level 1. HP: 14/14 MP: 5/5
    62 | D:1      | Reached XP level 2. HP: 20/20 MP: 4/6
   375 | D:2      | Reached XP level 3. HP: 25/26 MP: 2/8
   378 | D:2      | Learned a level 2 spell: Passwall
   382 | D:2      | Learned a level 3 spell: Stone Arrow
   551 | D:3      | Reached XP level 4. HP: 33/33 MP: 8/10
   552 | D:3      | Noticed Natasha
   558 | D:3      | Killed Natasha
   559 | D:3      | Reached skill level 1 in Conjurations
   559 | D:3      | Reached skill level 5 in Earth Magic
   577 | D:3      | Found a snail-covered altar of Cheibriados.
   615 | D:3      | Noticed Natasha
   617 | D:3      | Reached XP level 5. HP: 38/38 MP: 8/11
   620 | D:3      | Killed Natasha
   650 | D:3      | Noticed Natasha
   651 | D:3      | Killed Natasha
   746 | D:4      | Found a runed translucent door.
   747 | D:4      | Noticed Crazy Yiuf
   754 | D:4      | Killed Crazy Yiuf
   755 | D:4      | Reached XP level 6. HP: 26/45 MP: 9/13
   814 | D:4      | Found a white marble altar of Elyvilon.
   979 | D:5      | Entered Level 5 of the Dungeon
  1004 | D:5      | Noticed an ice beast
  1006 | D:5      | Noticed an ogre
  1012 | D:5      | Killed an ice beast
  1013 | D:5      | Reached XP level 7. HP: 40/50 MP: 3/15
  1016 | D:5      | Reached skill level 5 in Spellcasting
  1042 | D:5      | Found a shimmering blue altar of Sif Muna.
  1056 | D:5      | Learned a level 4 spell: Petrify
  1103 | D:5      | Got the Parchment of Hiemal Combustion
  1219 | D:5      | Reached XP level 8. HP: 57/57 MP: 14/17
  1284 | D:6      | Reached skill level 2 in Transmutations
  1451 | D:6      | Found a staircase to the Ecumenical Temple.
  1457 | Temple   | Entered the Ecumenical Temple
  1658 | Temple   | Became a worshipper of Gozag Ym Sagoz the Greedy
  1823 | D:6      | Reached skill level 3 in Transmutations
  1836 | D:6      | Found a hazy altar of Hepliaklqana.
  1850 | D:6      | Reached skill level 5 in Conjurations
  1945 | D:6      | Gained mutation: You passively map the area around you.
                  | [Meteoran growth]
  1945 | D:6      | Reached XP level 9. HP: 7/62 MP: 13/19
  2023 | D:7      | Reached skill level 4 in Transmutations
  2068 | D:7      | Found an ornate altar of the Wu Jian Council.
  2179 | D:7      | Found Siklop Wudu's Assorted Antiques.
  2356 | D:7      | Reached skill level 5 in Transmutations
  2363 | D:7      | Found Ovooko Wecvo's Assorted Antiques.
  2487 | D:8      | Learned a level 7 spell: Storm Form
  2501 | D:8      | Reached skill level 1 in Air Magic
  2587 | D:8      | Reached skill level 6 in Transmutations
  2588 | D:8      | Reached XP level 10. HP: 60/69 MP: 20/22
  2653 | D:8      | Reached skill level 7 in Transmutations
  2822 | D:8      | Found a broken altar of Ashenzari.
  2839 | D:8      | Identified a scroll of acquirement
  3034 | D:8      | Reached skill level 5 in Air Magic
  3054 | D:9      | Noticed Maurice
  3148 | D:8      | Reached skill level 8 in Transmutations
  3170 | D:8      | Killed Maurice
  3175 | D:8      | Reached skill level 9 in Transmutations
  3225 | D:9      | Noticed a boulder beetle
  3247 | D:9      | Killed a boulder beetle
  3248 | D:9      | Reached XP level 11. HP: 19/74 MP: 0/23
  3304 | D:9      | Reached skill level 10 in Transmutations
  3712 | D:10     | Entered Level 10 of the Dungeon
  3783 | D:10     | Noticed a rust devil
  3789 | D:10     | Noticed a sixfirhy
  3791 | D:10     | Noticed a rust devil
  3792 | D:10     | Noticed a smoke demon
  3812 | D:10     | Noticed a two-headed ogre
  3817 | D:10     | HP: 3/74 [two-headed ogre/+0 great mace (28)]
  3872 | D:10     | Reached skill level 11 in Transmutations
  3885 | D:10     | Killed a two-headed ogre
  3886 | D:10     | Reached skill level 10 in Air Magic
  3908 | D:10     | Found a staircase to the Lair.
  4065 | Lair:1   | Entered Level 1 of the Lair of Beasts
  4109 | D:10     | Found a sparkling altar of Nemelex Xobeh.
  4117 | D:10     | Found a basalt altar of Yredelemnul.
  4160 | D:10     | Reached skill level 12 in Transmutations
  4173 | D:10     | Learned a level 5 spell: Iskenderun's Battlesphere
  4373 | Lair:2   | Noticed Sonja
  4377 | Lair:2   | Killed Sonja
  4378 | Lair:2   | Reached XP level 12. HP: 81/81 MP: 16/24
  4417 | Lair:1   | Mangled by a cane toad

Illustrated notes

Levels and vault maps discovered:
D:1:      dpeg_arrival_arbitrary_b, layout_basic, st_stairs_7
D:2:      layout_basic
D:3:      layout_rooms, mainiacjoe_overflow_chevrons, slow_altar_1,
          tgw_kikubaaqudgha, uniq_natasha, uniq_sigmund
D:4:      layout_cave_pools, mainiacjoe_overflow_cross_hatched,
          gammafunk_ghost_cemetery, uniq_crazy_yiuf_cottage
D:5:      wander_river, layout_rooms, overflow_temple_1_default
D:6:      layout_basic, grunt_dithmenos_shadows, mainiacjoe_overflow_catwalk,
          minmay_temple_entry_wispy, chequers_jeans
D:7:      layout_gridville, nicolae_wu_jian_immortal_techniques,
          mainiacjoe_overflow_divided_tiny, serial_shops,
          nicolae_lakefront_shop, nicolae_shop_trees
D:8:      minmay_angry_zag, layout_basic, evilmike_ruin_ashenzari,
          amcnicky_mini_pool_small, minmay_strange_pillars
D:9:      cheibrodos_two_vegetables, layout_cave_pools, eino_jars, uniq_maurice
D:10:     gammafunk_indiana_jones, layout_gridville,
          mainiacjoe_overflow_catwalk_spiral, grunt_lair_entry_orc_guard_hut,
          chequers_serial_rivers_room_b
Temple:   nicolae_temple_bog_church
Lair:1:   layout_regular_city, infiniplex_staircase_pool_2, wad_woods_river_01,
          serial_bayou_shore_b
Lair:2:   layout_long_grid, guppyfry_snake_entry_island, uniq_sonja

Skill      XL: |  1  2  3  4  5  6  7  8  9 10 11 |
---------------+----------------------------------+-----
Earth Magic    | 4 5 6 7 8 9 |  9.3
Spellcasting   | 3 4 5 6 7 |  7.5
Conjurations   | 1 2 3 4 5 6 |  6.6
Transmutations | 3 6 9 12 | 12.4
Air Magic      | 2 8 11 | 11.2
Dodging        | |  2.4
Stealth        | |  1.4

Action                   |  1- 3 |  4- 6 |  7- 9 | 10-12 || total
-------------------------+-------+-------+-------+-------++-------
Melee: Quarterstaff      |       |       |     4 |     8 ||    12
 Cast: Sandblast         |    24 |    56 |    97 |   145 ||   322
       Stone Arrow       |       |       |       |    37 ||    37
       Petrify           |       |       |       |     3 ||     3
       Iskenderun's Batt |       |       |       |     3 ||     3
Evoke: Wand              |       |       |     1 |     4 ||     5
  Use: Scroll            |       |     4 |    10 |     8 ||    22
       Potion            |       |       |       |     1 ||     1
Armor: Robe              |     1 |    21 |    40 |    83 ||   145
Dodge: Dodged            |     1 |    21 |    35 |   110 ||   167

Table legend: (Time is in decaauts)
 A = Elapsed time spent in this place.
 B = Non-inter-level travel time spent in this place.
 C = Inter-level travel time spent in this place.
 D = Time resting spent in this place.
 E = Time spent auto-exploring this place.
 F = Levels seen in this place.
 G = Mean time per level.
                   A        B        C        D        E       F      G
               +--------+--------+--------+--------+--------+-----+--------+
         Total |   4619 |   4149 |    470 |      0 |   2279 |  13 |  355.3 |
       Dungeon |   4189 |   3744 |    445 |      0 |   2030 |  10 |  418.9 |
        Temple |    234 |    209 |     25 |      0 |    177 |   1 |  234.0 |
          Lair |    195 |    195 |      0 |      0 |     72 |   2 |   97.5 |
               +--------+--------+--------+--------+--------+-----+--------+

Top non-repeatable levels by time:
     D:9: 680 daAuts
     D:8: 679 daAuts
     D:7: 510 daAuts
    D:10: 498 daAuts
     D:6: 491 daAuts
     D:1: 365 daAuts
     D:4: 331 daAuts
     D:5: 321 daAuts
  Temple: 234 daAuts
  Lair:1: 182 daAuts
     D:2: 173 daAuts
     D:3: 138 daAuts
  Lair:2: 13 daAuts
